 Dungeon Crawl Stone Soup version 0.28-a0-909-g796cbd3a86 (webtiles) character file.

Game seed: 1306693467364204857

175 Ijustatesigmund the Shield-Bearer (level 5, -1/47 HPs)
             Began as a Gnoll Fighter on Nov 25, 2021.
             Slain by an ogre (27 damage)
             ... on level 4 of the Dungeon.
             The game lasted 00:02:45 (2950 turns).

Ijustatesigmund the Shield-Bearer (Gnoll Fighter)   Turns: 2950, Time: 00:02:46

Health: -1/47      AC: 10    Str: 16    XL:     5   Next: 55%
Magic:  7/7        EV: 10    Int:  8    God:
Gold:   131        SH:  5    Dex: 11    Spells: 7/7 levels left

rFire   . . .      SeeInvis .   s - +3 hand axe
rCold   . . .      Faith    .   c - +0 buckler
rNeg    . . .      Spirit   .   b - +0 scale mail
rPois   .          Reflect  .   (no helmet)
rElec   .          Harm     .   f - +0 cloak
rCorr   .          Rampage  .   r - +0 pair of gloves
Will    .....                   (no boots)
Stlth   ..........              (no amulet)
HPRegen 0.15/turn               (no ring)
MPRegen 0.10/turn               (no ring)

@: no status effects
A: fangs 1, strong nose, distributed training
a: no special abilities


You were on level 4 of the Dungeon.
You visited 1 branch of the dungeon, and saw 4 of its levels.

You collected 131 gold pieces.

Inventory:

Hand Weapons
 a - a +0 war axe
 s - a +3 hand axe (weapon)
Armour
 b - a +0 scale mail (worn)
 c - a +0 buckler (worn)
 f - a +0 cloak (worn)
 r - a +0 pair of gloves (worn)
Jewellery
 o - an amulet of faith
Wands
 j - a wand of charming (8)
 u - a wand of mindburst (19)
Scrolls
 e - 2 scrolls of blinking {unknown}
 g - a scroll of magic mapping {unknown}
 h - a scroll of identify {unknown}
 l - a scroll of enchant weapon {unknown}
 n - a scroll of fear {unknown}
 v - a scroll of teleportation {unknown}
Potions
 d - a potion of might
 i - 2 potions of heal wounds {unknown}
 k - a potion of lignification {unknown}
 m - a potion of resistance {unknown}
 p - 2 potions of haste {unknown}
 q - a potion of curing {unknown}
 t - a potion of brilliance {unknown}


   Skills:
 + Level 6.7 Fighting
 + Level 1.5 Short Blades
 + Level 1.5 Long Blades
 + Level 4.8 Axes
 + Level 1.5 Maces & Flails
 + Level 1.5 Polearms
 + Level 1.5 Staves
 + Level 1.5 Slings
 + Level 1.5 Bows
 + Level 1.5 Crossbows
 + Level 1.5 Throwing
 + Level 6.7 Armour
 + Level 1.5 Dodging
 + Level 1.5 Stealth
 + Level 6.7 Shields
 + Level 1.5 Unarmed Combat
 + Level 1.5 Spellcasting
 + Level 1.2 Conjurations
 + Level 1.2 Hexes
 + Level 1.2 Summonings
 + Level 1.2 Necromancy
 + Level 1.2 Translocations
 + Level 1.2 Transmutations
 + Level 1.2 Fire Magic
 + Level 1.2 Ice Magic
 + Level 1.2 Air Magic
 + Level 1.2 Earth Magic
 + Level 1.2 Poison Magic
 + Level 1.7 Invocations
 + Level 1.5 Evocations


You had 7 spell levels left.
You didn't know any spells.
Your spell library contained the following spells:

 Spells                   Type           Power      Damage    Failure   Level
 Passwall                 Tmut/Erth      1%         N/A       73%         2
 Swiftness                Air            2%         N/A       91%         3


Dungeon Overview and Level Annotations

Branches:
Dungeon (4/15)
 Temple: D:4-7

Altars:


Innate Abilities, Weirdness & Mutations

You have very sharp teeth.
Your uncanny sense of smell can sniff out nearby items.
Your experience applies equally to all skills.


Message History

The endoplasm quivers.
There is a stone staircase leading up here.
You hit the endoplasm.
The endoplasm is heavily wounded.
You block the endoplasm's attack.
You slash the endoplasm!
You kill the endoplasm!
No target in view!
No target in view!
An adder skeleton comes into view.
Found a cyan potion.
You block the adder skeleton's attack.
You slash the adder skeleton!
The adder skeleton is almost destroyed.
The adder skeleton bites you but does no damage.
You hit the adder skeleton.
You destroy the adder skeleton!
No target in view!
No target in view!
No target in view!
No target in view!
An ogre comes into view. It is wielding a +0 giant club.
The ogre shouts!
You hear a shout!
An iguana comes into view.
The iguana hisses angrily.
The ogre barely misses you.
You hit the ogre.
The ogre is lightly wounded.
You hit the iguana but do no damage. The iguana bites you.
The ogre hits you with a +0 giant club!!
You hit the ogre.
The ogre is heavily wounded.
You closely miss the iguana.
The iguana bites you but does no damage.
You hit the ogre.
The ogre is heavily wounded.
You barely miss the iguana.
The ogre hits you with a +0 giant club!!
Ouch! That really hurt!
You die...

...########.#.#.#
......#.........#
..........##.#.#
#.#.........#.#
#.#.......###.#
#...............
......#....####...
#####.#...........
∆ ##....@....... ∆
∆#!...lO......
∆#............
#.#+#........ ∆∆
## ##....... ∆∆
....### .##.# ∆∆
.. ..


You could see an ogre and an iguana.

Vanquished Creatures
  2 hounds (D:3)
  Robin (D:3)
  2 adders
  An adder skeleton (D:4)
  4 dart slugs
  5 orcs
  6 endoplasms
  A giant cockroach (D:2)
  7 goblins
  8 hobgoblins
  2 jackals (D:3)
  3 kobolds
  4 quokkas
  5 ball pythons
  10 bats
  2 frilled lizards
  4 rats
67 creatures vanquished.

Notes
Turn   | Place    | Note
-------+----------+-------------------------------------------
     0 | D:1      | Ijustatesigmund the Gnoll Fighter began the quest for the
                  | Orb.
     0 | D:1      | Reached XP level 1. HP: 23/23 MP: 1/1
   217 | D:1      | Reached XP level 2. HP: 25/29 MP: 2/2
   690 | D:1      | Reached XP level 3. HP: 35/35 MP: 3/3
   718 | D:1      | Found a faded altar of an unknown god.
  1112 | D:2      | Reached skill level 1 in Invocations
  1320 | D:2      | Reached skill level 1 in Short Blades
  1320 | D:2      | Reached skill level 1 in Long Blades
  1320 | D:2      | Reached skill level 1 in Maces & Flails
  1320 | D:2      | Reached skill level 1 in Polearms
  1320 | D:2      | Reached skill level 1 in Staves
  1320 | D:2      | Reached skill level 1 in Slings
  1320 | D:2      | Reached skill level 1 in Bows
  1320 | D:2      | Reached skill level 1 in Crossbows
  1320 | D:2      | Reached skill level 1 in Throwing
  1320 | D:2      | Reached skill level 1 in Dodging
  1320 | D:2      | Reached skill level 1 in Stealth
  1320 | D:2      | Reached skill level 1 in Unarmed Combat
  1320 | D:2      | Reached skill level 1 in Spellcasting
  1320 | D:2      | Reached skill level 1 in Evocations
  1528 | D:2      | Reached XP level 4. HP: 25/41 MP: 5/5
  2292 | D:3      | Noticed Robin
  2317 | D:3      | Killed Robin
  2318 | D:3      | Reached skill level 1 in Conjurations
  2318 | D:3      | Reached skill level 1 in Hexes
  2318 | D:3      | Reached skill level 1 in Summonings
  2318 | D:3      | Reached skill level 1 in Necromancy
  2318 | D:3      | Reached skill level 1 in Translocations
  2318 | D:3      | Reached skill level 1 in Transmutations
  2318 | D:3      | Reached skill level 1 in Fire Magic
  2318 | D:3      | Reached skill level 1 in Ice Magic
  2318 | D:3      | Reached skill level 1 in Air Magic
  2318 | D:3      | Reached skill level 1 in Earth Magic
  2318 | D:3      | Reached skill level 1 in Poison Magic
  2447 | D:3      | Reached XP level 5. HP: 42/47 MP: 5/7
  2944 | D:4      | Noticed an ogre
  2950 | D:4      | Slain by an ogre

Illustrated notes

Levels and vault maps discovered:
D:1:      wander_arrival_abandoned_jail, layout_loops_ring,
          hellmonk_ecumenical_altar_run_dry, minivault_5
D:2:      layout_basic, wad_orctagon
D:3:      layout_basic, uniq_robin
D:4:      layout_rooms, minmay_joined_circles, uniq_grinder

Skill      XL: |  1  2  3  4 |
---------------+-------------+-----
Invocations    | 1 |  1.7
Short Blades   | 1 |  1.5
Long Blades    | 1 |  1.5
Maces & Flails | 1 |  1.5
Polearms       | 1 |  1.5
Staves         | 1 |  1.5
Slings         | 1 |  1.5
Bows           | 1 |  1.5
Crossbows      | 1 |  1.5
Throwing       | 1 |  1.5
Dodging        | 1 |  1.5
Stealth        | 1 |  1.5
Unarmed Combat | 1 |  1.5
Spellcasting   | 1 |  1.5
Evocations     | 1 |  1.5
Conjurations   | 1 |  1.2
Hexes          | 1 |  1.2
Summonings     | 1 |  1.2
Necromancy     | 1 |  1.2
Translocations | 1 |  1.2
Transmutations | 1 |  1.2
Fire Magic     | 1 |  1.2
Ice Magic      | 1 |  1.2
Air Magic      | 1 |  1.2
Earth Magic    | 1 |  1.2
Poison Magic   | 1 |  1.2
Fighting       | |  6.7
Axes           | |  4.8
Armour         | |  6.7
Shields        | |  6.7

Action                   |  1- 3 |  4- 6 || total
-------------------------+-------+-------++-------
Melee: War axe           |   107 |     8 ||   115
       Bite              |     9 |     8 ||    17
       Hand axe          |       |    84 ||    84
Armor: Scale mail        |    67 |    55 ||   122
Dodge: Dodged            |    51 |    33 ||    84
Block: Buckler           |    36 |    34 ||    70

Table legend: (Time is in decaauts)
 A = Elapsed time spent in this place.
 B = Non-inter-level travel time spent in this place.
 C = Inter-level travel time spent in this place.
 D = Time resting spent in this place.
 E = Time spent auto-exploring this place.
 F = Levels seen in this place.
 G = Mean time per level.
                   A        B        C        D        E       F      G
               +--------+--------+--------+--------+--------+-----+--------+
         Total |   2986 |   2932 |     54 |    572 |   1889 |   4 |  746.5 |
       Dungeon |   2986 |   2932 |     54 |    572 |   1889 |   4 |  746.5 |
               +--------+--------+--------+--------+--------+-----+--------+

Top non-repeatable levels by time:
     D:3: 1152 daAuts
     D:1: 1017 daAuts
     D:2: 782 daAuts
     D:4: 34 daAuts
